 Dungeon Crawl Stone Soup version 0.28.0-45-g0d030f2227 (webtiles) character file.

Game seed: 2805863139426907165

396 zeratav the Insei (level 6, -13/42 HPs)
             Began as an Octopode Transmuter on Apr 13, 2022.
             Was an Initiate of Ashenzari.
             Killed from afar by a steam dragon (17 damage)
             ... with a ball of steam
             ... on level 4 of the Dungeon.
             The game lasted 00:06:24 (4502 turns).

zeratav the Insei (Octopode Transmuter)             Turns: 4502, Time: 00:06:25

Health: -13/42     AC:  1    Str:  9    XL:     6   Next: 82%
Magic:  0/9        EV: 14    Int: 16    God:    Ashenzari [......]
Gold:   52         SH:  0    Dex: 14    Spells: 5/9 levels left

rFire   . . .      SeeInvis .   g - +0 dagger (speed) {short}
rCold   + . .      Faith    .   (no shield)
rNeg    . . .      Spirit   +   (helmet restricted)
rPois   .          Reflect  .   a - amulet of guardian spirit
rElec   .          Harm     .   b - ring of Ashenzari's Loss {rC+, Cun, Melee} (curse)
rCorr   .          Rampage  .   (no ring)
Will    .....                   (no ring)
Stlth   ++++......              (no ring)
HPRegen 0.14/turn               (no ring)
MPRegen 0.11/turn               (no ring)
                                (no ring)
                                (no ring)

@: no status effects
A: almost no armour, amphibious, 8 rings, camouflage 1, gelatinous body 1,
(nimble swimmer 1), tentacles
a: Renounce Religion, Shatter the Chains


You were on level 4 of the Dungeon.
You worshipped Ashenzari.
Ashenzari was noncommittal.
You visited 1 branch of the dungeon, and saw 4 of its levels.
You also visited: Sewer.

You collected 52 gold pieces.


Innate Abilities, Weirdness & Mutations

You cannot wear most types of armour.
You are amphibious.
You can wear up to eight rings at the same time.
Your skin changes colour to match your surroundings (Stealth+).
Your rubbery body absorbs attacks. (AC +1, EV +1)
((You are camouflaged when in or above water. (Stealth+)))
You have tentacles for arms and can constrict up to eight enemies at once.


   Skills:
 + Level 3.0 Fighting
 + Level 3.5(4.0) Dodging
 + Level 4.0(4.4) Stealth
 * Level 5.2(5.6) Unarmed Combat
 - Level 2.0 Spellcasting
 - Level 2.0 Transmutations


You had 5 spell levels left.
You knew the following spells:

 Your Spells              Type           Power      Damage    Failure   Level
a - Beastly Appendage     Tmut           16%        N/A       9%          1
b - Spider Form           Tmut/Pois      4%         N/A       38%         3

Your spell library contained the following spells:

 Spells                   Type           Power      Damage    Failure   Level
 Wereblood                Tmut           8%         N/A       14%         2
 Ice Form                 Ice/Tmut       4%         N/A       80%         4

Inventory:

Hand Weapons
 g - a +0 dagger of speed (weapon) {short}
   (You took it off a goblin on level 2 of the Dungeon)
Missiles
 i - 5 curare-tipped darts {=fthrowing}
Jewellery
 a - an amulet of guardian spirit (around mantle)
   (You found it on level 1 of the Dungeon)
 b - the cursed ring of Ashenzari's Loss (left tentacle) {rC+, Cun, Melee}
   (You found it on level 1 of the Dungeon)

   [ring of protection from cold]

   rC:        It protects you from cold.
   It has a curse which improves the following skills: Cunning: Dodging and
   Stealth.
   Melee Combat: Short Blades, Long Blades, Axes, Maces & Flails, Polearms,
   Staves and Unarmed Combat.
Scrolls
 e - a scroll of summoning {unknown}
 f - 2 scrolls of enchant weapon {unknown}
 h - a scroll of noise {unknown}
 l - 2 scrolls of identify {unknown}
 m - a scroll of fear {unknown}
 n - a scroll of blinking {unknown}
Potions
 c - 2 potions of magic {unknown}
 d - 2 potions of curing {unknown}
 j - a potion of mutation {unknown}
 k - 2 potions of heal wounds {unknown}
 o - a potion of might {unknown}
 p - 2 potions of haste {unknown}

Dungeon Overview and Level Annotations

Branches:
Dungeon (4/15)              Sewer (visited)
 Temple: D:4-7

Altars:
Ashenzari
Dithmenos

≈≈≈w......................#...#
≈ ≈≈≈...#.(...........#...##.##
≈≈≈≈≈≈..#............##...####
#≈≈≈≈≈≈....S...........##.##
≈#≈≈≈≈≈≈ #......#.......##
≈≈≈≈≈≈≈≈###....D.##.....##
..≈≈.≈≈≈≈......§.##....## <$♣
≈....##S§§.#...### )?≈...≈≈≈..
#.§@##.....##
≈≈≈##≈≈≈≈##....#.........#
≈≈#S≈ ≈ #..###.....#...# ≈≈≈#≈≈
#.. ##..#####.### ≈#≈≈≈≈≈. #g
##....####...### ≈≈≈≈ ≈.g #.
#........##....### ≈≈##w .#
......#.#..........###
#.....####..##.#...... .....
##.##########


You could see a steam dragon (very poisoned, catching breath) and 2 ball
pythons.


Message History

Your +0 dagger of speed {short} melds into your body.
MP[-3]
You lost 3 mp, and now have 6/9 mp.
Your transformation is almost over.
The helpless steam dragon fails to defend itself.
You hit the steam dragon. The steam dragon barely misses you.
The steam dragon misses you. The steam dragon barely misses you.
The steam dragon claws you but does no damage.
You hit the steam dragon but do no damage.
The steam dragon is poisoned.
The steam dragon completely misses you. The steam dragon misses you.
You hit the steam dragon.
A centaur skeleton comes into view.
A ball python comes into view.
The steam dragon breathes steam at you. The ball of steam misses you.
You hear a shout!
You hear an angry hiss.
The steam dragon misses you. The steam dragon barely misses you.
MP[+1]
A goblin comes into view. It is wielding a +0 club.
The steam dragon bites you. The steam dragon misses you.
HP[-5] MP[-1]
You take 5 damage, and now have 37/42 hp.
You lost 1 mp, and now have 6/9 mp.
You barely miss the steam dragon. You bite the steam dragon!
The steam dragon looks as sick as possible!
Your transformation has ended.
Your +0 dagger of speed {short} unmelds from your body.
Your tentacles tingle!
The goblin unwields a +0 club.
The goblin wields a +0 hunting sling.
The goblin shoots a stone.
The stone barely misses you. The steam dragon misses you.
The steam dragon claws you.
HP[-3] MP[-1]
You take 3 damage, and now have 34/42 hp.
You lost 1 mp, and now have 5/9 mp.
You closely miss the steam dragon. The steam dragon bites you.
The steam dragon claws you.
The goblin shoots a stone.
The stone closely misses you.
HP[-5]
You take 5 damage, and now have 29/42 hp.
You closely miss the steam dragon. Your squeeze misses the steam dragon.
The steam dragon bites you. The steam dragon claws you.
The goblin shoots a stone.
The stone hits you.
* * * LOW HITPOINT WARNING * * *
HP[-9]
You take 9 damage, and now have 20/42 hp.
MASSIVE DAMAGE!! (PAUSE)
You hit the steam dragon but do no damage.
The ball python bites you.
* * * LOW HITPOINT WARNING * * *
The ball python closely misses you.
HP[-2]
You take 2 damage, and now have 18/42 hp.
You hit the steam dragon. The steam dragon misses you.
The steam dragon closely misses you.
The goblin shoots a stone.
The stone hits you.
* * * LOW HITPOINT WARNING * * *
The ball python closely misses you. The ball python barely misses you.
HP[-3]
You take 3 damage, and now have 15/42 hp.
You closely miss the steam dragon. The centaur skeleton barely misses you.
The centaur skeleton kicks you but does no damage.
The steam dragon bites you.
* * * LOW HITPOINT WARNING * * *
The steam dragon misses you.
The goblin shoots a stone.
The stone misses you.
HP[-4] MP[-1]
You take 4 damage, and now have 11/42 hp.
You lost 1 mp, and now have 4/9 mp.
You closely miss the steam dragon. The ball python bites you.
* * * LOW HITPOINT WARNING * * *
The ball python barely misses you. The centaur skeleton misses you.
The centaur skeleton kicks you.
* * * LOW HITPOINT WARNING * * *
HP[-3] MP[-1]
You take 3 damage, and now have 8/42 hp.
You lost 1 mp, and now have 3/9 mp.
The ball python hisses angrily.
You hit the steam dragon but do no damage.
You squeeze the steam dragon, but do no damage.
The steam dragon misses you. The steam dragon claws you.
* * * LOW HITPOINT WARNING * * *
The goblin shoots a stone.
The stone hits you but does no damage. The ball python bites you.
* * * LOW HITPOINT WARNING * * *
The ball python misses you.
The centaur skeleton hits you but does no damage.
The centaur skeleton kicks you.
HP[-4] MP[-2]
You take 4 damage, and now have 4/42 hp.
You lost 2 mp, and now have 1/9 mp.
The ball python barely misses you. The ball python closely misses you.
The steam dragon breathes steam at you. The ball of steam misses you.
The goblin shoots a stone.
The stone barely misses you.
The stone hits the centaur skeleton.
The centaur skeleton is destroyed!
You hear a bark!
The steam dragon breathes steam at you. The ball of steam hits you!!
You die...

Skill      XL: |  1  2  3  4  5  6 |
---------------+-------------------+-----
Stealth        | 1 2 3 4 |  4.0
Fighting       | 2 3 |  3.0
Unarmed Combat | 4 5 |  5.2
Dodging        | 3 |  3.5
Spellcasting   | |  2.0
Transmutations | |  2.0

Action                   |  1- 3 |  4- 6 || total
-------------------------+-------+-------++-------
Melee: Unarmed           |    66 |    56 ||   122
       Constrict         |    20 |    27 ||    47
       Tentacles         |    10 |    25 ||    35
       Kick              |    15 |    13 ||    28
       Punch             |     2 |     6 ||     8
       Dagger            |       |    98 ||    98
 Cast: Beastly Appendage |    18 |    21 ||    39
       Spider Form       |       |     5 ||     5
Invok: Curse Item        |       |     1 ||     1
 Stab: Sleeping          |    11 |     9 ||    20
Armor: Skin              |     6 |     9 ||    15
Dodge: Dodged            |    33 |   108 ||   141

Levels and vault maps discovered:
D:1:      dpeg_arrival_morbid_curiosity, layout_basic, basic_ecumenical_altar,
          eino_curves_02, chequers_serial_rivers_room_b
D:2:      layout_basic, basic_altar, minmay_tetromino_l4, uniq_natasha
D:3:      layout_rooms, mainiacjoe_overflow_small_starburst
D:4:      kennysheep_slugbush, layout_cave_pools, portal_sewer_entry_b,
          kennysheep_generic_room_7

Notes
Turn   | Place    | Note
-------+----------+-------------------------------------------
     0 | D:1      | zeratav the Octopode Transmuter began the quest for the
                  | Orb.
     0 | D:1      | Reached XP level 1. HP: 13/13 MP: 3/3
     0 | D:1      | magus.rc [v1.9.6]
   198 | D:1      | Reached XP level 2. HP: 9/18 MP: 1/5
   481 | D:1      | Reached skill level 1 in Stealth
   771 | D:1      | Reached XP level 3. HP: 23/23 MP: 4/6
  1063 | D:1      | Found a faded altar of an unknown god.
  1320 | D:2      | Reached skill level 2 in Stealth
  1629 | D:2      | Reached XP level 4. HP: 29/29 MP: 5/7
  2173 | D:2      | Noticed Natasha
  2184 | D:2      | Killed Natasha
  2185 | D:2      | Reached skill level 2 in Fighting
  2185 | D:2      | Reached skill level 4 in Unarmed Combat
  2256 | D:2      | Found a broken altar of Ashenzari.
  2286 | D:2      | Became a worshipper of Ashenzari the Shackled
  2693 | D:3      | Found a shadowy altar of Dithmenos.
  2703 | D:3      | Reached XP level 5. HP: 28/34 MP: 5/8
  2852 | D:3      | Learned a level 3 spell: Spider Form
  3083 | D:4      | Noticed an ogre
  3186 | D:4      | Found a glowing drain.
  3381 | Sewer    | Entered a sewer
  3400 | Sewer    | HP: 7/34 [river rat (6)]
  3672 | Sewer    | Reached skill level 3 in Dodging
  3672 | Sewer    | Reached skill level 3 in Stealth
  3674 | Sewer    | Noticed a kobold brigand
  3685 | Sewer    | Killed a kobold brigand
  3686 | Sewer    | Reached XP level 6. HP: 36/41 MP: 4/9
  4061 | Sewer    | Reached skill level 5 in Unarmed Combat
  4345 | Sewer    | Reached skill level 3 in Fighting
  4345 | Sewer    | Reached skill level 4 in Stealth
  4466 | D:4      | Noticed a steam dragon
  4499 | D:4      | HP: 9/42 [ball python (2)]
  4500 | D:4      | HP: 4/42 [ball python (2)]
  4502 | D:4      | Killed from afar by a steam dragon

Vanquished Creatures
  3 kobold brigands (Sewer)
  Natasha (D:2)
  A gnoll (D:2)
  5 adders
  4 river rats
  2 worms
  A dart slug (D:1)
  9 endoplasms
  2 giant cockroaches (D:1)
  7 goblins
  7 hobgoblins
  13 kobolds
  2 quokkas (D:1)
  9 ball pythons
  2 bats
  8 frilled lizards
  6 rats
82 creatures vanquished.

Vanquished Creatures (others)
  A centaur skeleton (D:4)
1 creature vanquished.

Grand Total: 83 creatures vanquished

Table legend:
 A = Non-vault XP
 B = Vault XP
 C = Vault XP percentage of total XP
 D = Non-vault monster count
 E = Vault monster count
 F = Vault count percentage of total count
                 A         B        C        D         E       F
            +---------+---------+-------+---------+---------+-------
      Total |     100 |     466 |  82.3 |      46 |      36 |  43.9
            +---------+---------+-------+---------+---------+-------
        D:1 |      41 |      10 |  19.6 |      24 |       5 |  17.2
        D:2 |      26 |      64 |  71.1 |      10 |       4 |  28.6
        D:3 |      31 |       0 |   0.0 |      11 |       0 |   0.0
        D:4 |       2 |      23 |  92.0 |       1 |       6 |  85.7
      Sewer |       0 |     369 | 100.0 |       0 |      21 | 100.0
            +---------+---------+-------+---------+---------+-------

Illustrated notes

Table legend:
 A = Kills in this place as a percentage of kills in entire the game.
 B = Kills by you in this place as a percentage of kills by you in the entire game.
 C = Kills by friends in this place as a percentage of kills by friends in the entire game.
 D = Other kills in this place as a percentage of other kills in the entire game.
 E = Experience gained in this place as a percentage of experience gained in the entire game.
 F = Experience gained in this place divided by the number of levels of this place that you have seen.
                   A       B       C       D       E      F
               +-------+-------+-------+-------+-------+----------------------
         Total | 100.0 | 100.0 |   N/A |   N/A | 100.0 | 113.2
       Dungeon |  74.4 |  74.4 |   N/A |   N/A |  34.8 |  49.2
         Sewer |  25.6 |  25.6 |   N/A |   N/A |  65.2 | 369.0
               +-------+-------+-------+-------+-------+----------------------

Table legend: (Time is in decaauts)
 A = Elapsed time spent in this place.
 B = Non-inter-level travel time spent in this place.
 C = Inter-level travel time spent in this place.
 D = Time resting spent in this place.
 E = Time spent auto-exploring this place.
 F = Levels seen in this place.
 G = Mean time per level.
                   A        B        C        D        E       F      G
               +--------+--------+--------+--------+--------+-----+--------+
         Total |   4459 |   4266 |    193 |   1103 |   2493 |   5 |  891.8 |
       Dungeon |   3420 |   3227 |    193 |    381 |   2390 |   4 |  855.0 |
         Sewer |   1039 |   1039 |      0 |    722 |    103 |   1 | 1039.0 |
               +--------+--------+--------+--------+--------+-----+--------+

Top non-repeatable levels by time:
     D:1: 1253 daAuts
     D:2: 1156 daAuts
   Sewer: 1039 daAuts
     D:3: 678 daAuts
     D:4: 332 daAuts
